 Dungeon Crawl Stone Soup version 0.28-b1-70-g80dc712255 (webtiles) character file.

Game seed: 6621108698893208187

17532 cayde69 the Fighter (level 12, -1/100 (116) HPs)
             Began as a Deep Dwarf Berserker on Feb 2, 2022.
             Was a Priest of Trog.
             Slain by an orc warrior (6 damage)
             ... on level 1 of the Elven Halls on Feb 3, 2022.
             The game lasted 00:55:18 (13949 turns).

cayde69 the Fighter (Deep Dwarf Berserker)         Turns: 13949, Time: 00:55:20

HP:   -1/100 (116)  AC: 13    Str: 31    XL:     12   Next: 19%
MP:   0/0           EV: 16    Int: 15    God:    Trog [***...]
Gold: 268           SH:  0    Dex: 18    Spells: 11/11 levels left

rFire   x . .      SeeInvis .   p - +11 spear of Annihilation {vorpal, Str+2 Dex+2}
rCold   . . .      Faith    .   (no shield)
rNeg    + . .      Spirit   .   B - +0 ring mail "Oleihukh" {rF- rN+ Int+6 Dex+4}
rPois   .          Reflect  .   j - +2 hat
rElec   .          Harm     .   W - +0 cloak
rCorr   .          Rampage  .   Q - +2 pair of gloves
Will    +++..                   (no boots)
Stlth   ++........              o - amulet of regeneration
HPRegen 1.00/turn               h - +4 ring of slaying
MPRegen 0.07/turn               s - +6 ring of strength

@: strong-willed, regenerating, heavily drained
A: damage resistance, heal wounds, sense surroundings 2, no regeneration, weak 1
a: Heal Wounds, Renounce Religion, Berserk, Trog's Hand


You were on level 1 of the Elven Halls.
You worshipped Trog.
Trog was most pleased with you.
You visited 4 branches of the dungeon, and saw 15 of its levels.
You also visited: Sewer.

You collected 1299 gold pieces.
You spent 1031 gold pieces at shops.

Inventory:

Hand Weapons
 p - the +11 spear of Annihilation (weapon) {vorpal, Str+2 Dex+2}
   (You found it in a sewer)

   It inflicts extra damage upon your enemies.
   Str:       It affects your strength (+2).
   Dex:       It affects your dexterity (+2).
 w - a +0 shortbow
Missiles
 t - 2 throwing nets
 x - 284 arrows
 L - a boomerang of dispersal
Armour
 j - a +2 hat (worn)
 B - the +0 ring mail "Oleihukh" (worn) {rF- rN+ Int+6 Dex+4}
   (You found it in a sewer)

   Int:       It affects your intelligence (+6).
   Dex:       It affects your dexterity (+4).
   rF:        It makes you vulnerable to fire.
   rN:        It protects you from negative energy.
 Q - a +2 pair of gloves (worn)
 W - a +0 cloak (worn)
Jewellery
 e - a +6 ring of dexterity
 h - a +4 ring of slaying (left hand)
 o - an amulet of regeneration (around neck)
 s - a +6 ring of strength (right hand)
 R - a ring of resist corrosion
 U - a ring of poison resistance
Wands
 u - a wand of acid (3)
 D - a wand of digging (3)
 K - a wand of polymorph (5)
Scrolls
 a - a scroll of enchant weapon {unknown}
 b - a scroll of blinking
 g - 2 scrolls of torment {unknown}
 k - a scroll of fog
 n - a scroll of holy word
 q - 2 scrolls of magic mapping
 r - 2 scrolls of identify
 A - 2 scrolls of teleportation
 E - 3 scrolls of enchant armour
 J - a scroll of brand weapon {unknown}
 T - 2 scrolls of fear {unknown}
 V - a scroll of noise {unknown}
Potions
 c - a potion of heal wounds
 d - 2 potions of invisibility
 f - a potion of haste {unknown}
 i - 2 potions of cancellation
 l - a potion of lignification {unknown}
 m - 2 potions of flight {unknown}
 C - 3 potions of might {unknown}
 F - a potion of degeneration {unknown}
 H - 2 potions of curing {unknown}
 I - a potion of ambrosia {unknown}
 N - 2 potions of magic {unknown}
 P - a potion of berserk rage {unknown}
 S - a potion of attraction {unknown}


   Skills:
 * Level 10.1 Fighting
 + Level 6.2(10.6) Axes
 + Level 6.8(7.8) Maces & Flails
 + Level 9.3(9.9) Polearms
 + Level 6.9 Armour
 + Level 7.9 Dodging
 - Level 4.8 Stealth
 * Level 7.0 Evocations


You had 11 spell levels left.
You didn't know any spells.
Your spell library was empty.

Dungeon Overview and Level Annotations

Branches:
Dungeon (11/15)            Temple (0/1) D:7            Lair (1/6) D:11
    Orc (2/2) D:10            Elf (1/3) Orc:2         Sewer (visited)

Altars:
Elyvilon
Fedhas
Gozag
Kikubaaqudgha
Nemelex Xobeh
Okawaru
Qazlal
Ru
Trog
Vehumet
Xom
Zin
The Shining One

Shops:
D:5 ?:=(   D:10 =


Innate Abilities, Weirdness & Mutations

You are resistant to damage.
You can heal yourself by infusing magical energy.
You passively map the area around you.
You do not regenerate.
You are weak. (Str -2)


Message History

The orc warrior burns you.
You puncture the warg!
The warg is moderately wounded.
The warg closely misses you.
You puncture the warg!
The warg is almost dead.
The orc warrior hits you with a +2 war axe of flaming.
* * * LOW HITPOINT WARNING * * *
The orc warrior burns you.
* * * LOW HITPOINT WARNING * * *
The warg bites you.
* * * LOW HITPOINT WARNING * * *
You barely miss the warg.
The warg is almost dead.
You closely miss the warg.
The warg is almost dead.
The warg closely misses you. The orc warrior closely misses you.
You hit the warg but do no damage.
The warg is almost dead.
The fire elemental misses you. The warg bites you but does no damage.
The orc warrior hits you but does no damage.
You closely miss the warg.
The warg is almost dead.
The fire elemental barely misses you. The warg closely misses you.
You impale the warg!!
You kill the warg!
Trog accepts your kill. The orc warrior closely misses you.
The fire elemental hits you. The fire elemental burns you!
The fire burns you terribly!
* * * LOW HITPOINT WARNING * * *
Your Evocations skill increases to level 7!
You puncture the orc warrior!
The orc warrior is heavily wounded.
You closely miss the orc warrior.
The orc warrior is heavily wounded.
The fire elemental hits you. The fire elemental burns you!
The fire burns you terribly!
* * * LOW HITPOINT WARNING * * *
The orc warrior hits you with a +2 war axe of flaming!
You die...

### *
#.o##
#..@# *
* *
#..E.#
* ,
+.....#
#.....#
#.....#
* *
#....)#
, ,
#.....#
, *,*
#.....#
, , ,,*
*,, ,


You could see a fire elemental and an orc warrior.

Vanquished Creatures
  A hydra (D:11)
  2 two-headed ogres
  An orc high priest (Orc:1)
  Sonja (Lair:1)
  A deep elf pyromancer (D:10)
  An orc sorcerer (Orc:2)
  A black mamba (Lair:1)
  7 centaur zombies
  A gargoyle (D:11)
  2 cane toads (Lair:1)
  A rime drake (Lair:1)
  A komodo dragon (D:10)
  A kobold demonologist (D:11)
  A troll (D:9)
  7 dream sheep (Lair:1)
  4 slime creatures (D:8)
  Sigmund (D:4)
  3 wyverns
  2 wraiths
  7 yaks
  3 wargs
  4 water moccasins
  12 orc warriors
  A black bear (D:5)
  5 ogres
  5 centaurs
  A phantom (D:5)
  2 kobold brigands
  5 bullfrogs
  4 scorpions
  A wyvern zombie (D:8)
  2 wyvern skeletons
  10 wights
  7 killer bees (D:9)
  2 electric eels (D:6)
  2 howler monkeys
  6 orc priests
  2 bullfrog skeletons (D:5)
  3 hounds
  2 gnoll shamans
  An iguana (D:6)
  13 orc wizards
  13 gnolls
  9 adders
  A shadow imp (D:6)
  An ufetubus (D:5)
  6 worms
  4 dart slugs
  35 orcs
  15 ball pythons
  9 endoplasms
  7 giant cockroaches
  42 goblins
  26 hobgoblins
  4 jackals (D:1)
  12 quokkas
  5 bats
  18 frilled lizards
  28 kobolds
  3 rats
377 creatures vanquished.

Vanquished Creatures (collateral kills)
  An orc sorcerer (Orc:1)
  A bullfrog (Sewer)
  An orc (Orc:1)
  An endoplasm (Sewer)
  A frilled lizard (Sewer)
5 creatures vanquished.

Vanquished Creatures (others)
  4 fungi
4 creatures vanquished.

Grand Total: 386 creatures vanquished

Notes
Turn   | Place    | Note
-------+----------+-------------------------------------------
     0 | D:1      | cayde69 the Deep Dwarf Berserker began the quest for the
                  | Orb.
     0 | D:1      | Reached XP level 1. HP: 20/20 MP: 1/1
   224 | D:1      | Reached XP level 2. HP: 27/27 MP: 2/2
   287 | D:1      | Found a faded altar of an unknown god.
   337 | D:1      | Reached skill level 3 in Fighting
   955 | D:2      | Reached XP level 3. HP: 34/34 MP: 3/3
  1075 | D:2      | Reached skill level 1 in Stealth
  1762 | D:3      | Upgraded the game from 0.28-b1-25-g9875b3fc8c to
                  | 0.28-b1-70-g80dc712255
  1793 | D:3      | You fall into a shaft and drop 1 floor!
  1802 | D:4      | Found a white marble altar of Elyvilon.
  1844 | D:4      | Noticed Sigmund
  1849 | D:4      | Reached XP level 4. HP: 38/42 MP: 3/3
  1873 | D:4      | Killed Sigmund
  1874 | D:4      | Reached skill level 5 in Axes
  1874 | D:4      | Reached XP level 5. HP: 50/50 MP: 4/4
  2078 | D:4      | Reached XP level 6. HP: 41/57 MP: 5/5
  2099 | D:4      | Reached skill level 4 in Fighting
  2680 | D:4      | Reached skill level 1 in Maces & Flails
  2800 | D:5      | Entered Level 5 of the Dungeon
  2800 | D:5      | Found Opiporr's Book Shop.
  2854 | D:3      | Reached ** piety under Trog
  3013 | D:3      | Reached XP level 7. HP: 59/66 MP: 6/6
  3719 | D:5      | Found a stormy altar of Qazlal.
  3732 | D:5      | Reached skill level 5 in Fighting
  3749 | D:5      | Found Boulept's Magic Scroll Shoppe.
  3753 | D:5      | Noticed a wyvern
  3766 | D:5      | Killed a wyvern
  3767 | D:5      | Reached XP level 8. HP: 75/75 MP: 6/6
  3925 | D:5      | Bought a scroll of identify for 28 gold pieces
  4122 | D:5      | Found Coesuid's Jewellery Shoppe.
  4125 | D:5      | Found Ateas's Antique Weapon Boutique.
  4173 | D:5      | Reached skill level 5 in Dodging
  4223 | D:5      | Reached skill level 5 in Maces & Flails
  4300 | D:5      | Found a blossoming altar of Fedhas.
  5020 | D:5      | Found a radiant altar of Vehumet.
  5097 | D:5      | Bought a smoking mace for 184 gold pieces
  5097 | D:5      | Identified the +4 mace "Kaysmoag" {vorpal, rPois Will-
                  | Int+4} (You bought it in a shop on level 5 of the Dungeon)
  5179 | D:6      | Reached skill level 6 in Fighting
  5365 | D:6      | Gained mutation: You passively map the area around you.
                  | [Deep Dwarf growth]
  5365 | D:6      | Reached XP level 9. HP: 42/76 MP: 2/2
  5568 | D:6      | Found a glowing drain.
  5595 | Sewer    | Entered a sewer
  5710 | Sewer    | Reached *** piety under Trog
  5859 | Sewer    | Identified the +11 spear of Annihilation {vorpal, Str+2
                  | Dex+2}
  5865 | Sewer    | Identified the +0 ring mail "Oleihukh" {rF- rN+ Int+6
                  | Dex+4}
  6118 | D:6      | Reached **** piety under Trog
  6310 | D:6      | Reached skill level 1 in Polearms
  6543 | D:6      | Found a sparkling altar of Nemelex Xobeh.
  6759 | D:7      | Reached skill level 7 in Fighting
  6872 | D:7      | Found a staircase to the Ecumenical Temple.
  7211 | D:7      | Found a bloodstained altar of Trog.
  7608 | D:8      | Reached XP level 10. HP: 67/94 MP: 1/1
  7784 | D:8      | Reached skill level 5 in Polearms
  7842 | D:8      | Found an ancient bone altar of Kikubaaqudgha.
  7842 | D:8      | Found an opulent altar of Gozag.
  8183 | D:8      | Found a glowing silver altar of Zin.
  8400 | D:8      | Found a glowing golden altar of the Shining One.
  8822 | D:9      | Reached skill level 8 in Fighting
  8822 | D:9      | Reached skill level 1 in Evocations
  8992 | D:9      | Found a shimmering altar of Xom.
  9024 | D:9      | Noticed a two-headed ogre
  9037 | D:9      | Killed a two-headed ogre
  9357 | D:10     | Entered Level 10 of the Dungeon
  9379 | D:10     | Found a sacrificial altar of Ru.
  9503 | D:10     | Noticed a deep elf pyromancer
  9518 | D:10     | Killed a deep elf pyromancer
  9546 | D:10     | Found Fooxoqoho's Jewellery Emporium.
  9685 | D:10     | Reached XP level 11. HP: 89/104 MP: 2/2
  9704 | D:10     | Found a staircase to the Orcish Mines.
  9706 | D:10     | Found an iron altar of Okawaru.
 10224 | Orc:1    | Entered Level 1 of the Orcish Mines
 10303 | Orc:1    | Reached skill level 5 in Armour
 10499 | Orc:1    | Noticed an orc high priest
 10513 | Orc:1    | Killed an orc high priest
 10623 | Orc:1    | Noticed an orc sorcerer
 10637 | Orc:1    | Killed an orc sorcerer
 11112 | D:5      | Bought a +6 ring of strength for 819 gold pieces
 11586 | D:11     | Found a staircase to the Lair.
 11649 | D:11     | Reached skill level 9 in Fighting
 11649 | D:11     | Reached skill level 5 in Evocations
 11822 | D:11     | Noticed an eight-headed hydra
 11839 | D:11     | Killed an eight-headed hydra
 11991 | D:11     | Noticed a two-headed ogre
 11999 | D:11     | Killed a two-headed ogre
 12153 | Lair:1   | Entered Level 1 of the Lair of Beasts
 12328 | Lair:1   | Reached XP level 12. HP: 109/116 MP: 3/3
 13502 | Lair:1   | Noticed Sonja
 13511 | Lair:1   | Killed Sonja
 13890 | Orc:2    | Entered Level 2 of the Orcish Mines
 13897 | Orc:2    | Reached skill level 10 in Fighting
 13911 | Orc:2    | Gained mutation: You are weak. (Str -2) [a neqoxec]
 13916 | Orc:2    | Noticed an orc warlord
 13929 | Orc:2    | Found a staircase to the Elven Halls.
 13929 | Orc:2    | Noticed an orc high priest
 13937 | Elf:1    | Entered Level 1 of the Elven Halls
 13949 | Elf:1    | HP: 5/100 [fire elemental (13)]
 13949 | Elf:1    | Slain by an orc warrior

Illustrated notes

Levels and vault maps discovered:
D:1:      sevenhm_arrival_forest_fort_large_2, layout_loops_ring,
          hellmonk_ecumenical_altar_run_dry
D:2:      layout_basic, grunt_decor_arrowhead, kennysheep_generic_room_4
D:3:      layout_rooms, serial_co_window_serial, co_window_of_opportunity_a,
          co_window_paths_a, co_window_paths_b, co_window_paths_a,
          co_window_paths_b, co_window_broadway_b, co_window_of_opportunity_c,
          co_window_of_opportunity_c, co_window_paths_e, glass_columns_b,
          glass_columns_b
D:4:      layout_basic, mainiacjoe_overflow_chevrons, uniq_sigmund
D:5:      layout_rooms, kennysheep_mini_moat, fedhas_bush_and_centaur_altar,
          grunt_qazlal_sundering, serial_shops, shop,
          nicolae_shop_hallway_stairs, nicolae_wooded_promenade,
          grunt_ministairs_14
D:6:      minmay_goblin_kobold_castle, layout_cave_pools,
          nemelex_dance_club_becter, gup_sewer_entry_pipe
D:7:      layout_basic, lightli_temple_of_fire, lemuel_temple_firewalk_b,
          minmay_crystal_room
D:8:      layout_gridville, lemuel_tele_altar, jmf_multi_god_temple, tso_altar,
          minmay_misc_feat_ornament
D:9:      layout_basic, xom_teletrap_fun
D:10:     layout_basic, nicolae_ru_path_of_blood,
          mainiacjoe_overflow_concentric_impassable, serial_shops,
          nicolae_shop_behind_doors, hangedman_abyss_or_decor_slice,
          minmay_tree_intersection, hangedman_decor_push
D:11:     layout_stronghold, lair_entry_dummy
Lair:1:   layout_misc_corridors, chequers_serial_rivers_small_a, uniq_sonja
Orc:1:    layout_caves
Orc:2:    grunt_orc_gardens, layout_diamond_mine, grunt_orc_garden,
          grunt_orc_garden, grunt_orc_garden, grunt_orc_garden,
          lemuel_statue_altar, uniq_donald
Elf:1:    layout_gridlike, orc_legates

Skill      XL: |  1  2  3  4  5  6  7  8  9 10 11 12 |
---------------+-------------------------------------+-----
Fighting       | 3 4 5 6 7 8 9 10 | 10.1
Axes           | 4 5 6 |  6.2
Stealth        | 1 2 3 4 |  4.8
Dodging        | 3 4 5 6 7 |  7.9
Maces & Flails | 1 4 6 |  6.8
Armour         | 3 4 6 |  6.9
Polearms       | 4 7 9 |  9.3
Evocations     | 3 6 7 |  7.0

Action                   |  1- 3 |  4- 6 |  7- 9 | 10-12 || total
-------------------------+-------+-------+-------+-------++-------
Melee: Hand axe          |   132 |    39 |       |       ||   171
       Punch             |     1 |     2 |     5 |     6 ||    14
       Whip              |       |    80 |    70 |       ||   150
       Flail             |       |       |   124 |       ||   124
       Mace              |       |       |   195 |       ||   195
       Spear             |       |       |   177 |   386 ||   563
 Fire: Shortbow          |       |       |     1 |       ||     1
Invok: Berserk           |     4 |     3 |    12 |    12 ||    31
       Trog's Hand       |       |     1 |    13 |    28 ||    42
 Abil: Heal Wounds       |     4 |     4 |    12 |     9 ||    29
Evoke: Wand              |       |       |       |     3 ||     3
  Use: Scroll            |       |       |     5 |     8 ||    13
       Potion            |       |       |       |     3 ||     3
 Stab: Sleeping          |     3 |     1 |     4 |     5 ||    13
       Distracted        |       |       |     1 |       ||     1
Armor: Animal skin       |    26 |    24 |    29 |       ||    79
       Ring mail         |       |       |   137 |   107 ||   244
       Leather armour    |       |       |    23 |       ||    23
Dodge: Dodged            |    89 |    53 |   477 |   249 ||   868
